 Dungeon Crawl Stone Soup version 0.30.1-4-g462c640d31 (webtiles) character file.

Game seed: 6893065221508149569

49 Inchmeat the Grasshopper (level 3, -2/28 (31) HPs)
             Began as an Armataur Warper on Aug 17, 2023.
             Slain by Robin
             ... wielding a +3 mace of draining
              (6 damage)
             ... on level 2 of the Dungeon.
             The game lasted 00:03:20 (1133 turns).

Inchmeat the Grasshopper (Armataur Warper)          Turns: 1133, Time: 00:03:20

HP:   -2/28 (31)    AC:  4    Str: 16    XL:     3   Next: 51%
MP:   5/5           EV:  9    Int: 15    God:
Gold: 75            SH:  0    Dex:  9    Spells: 3/5 levels left

rFire   . . .        a - +1 mace
rCold   . . .        (no shield)
rNeg    . . .        b - +0 leather armour
rPois   .            (no helmet)
rElec   .            (no cloak)
rCorr   .            (no gloves)
SInv    .            (no barding)
Will    +....        (no amulet)
Stlth   +            g - ring of willpower
HPRegen 0.24/turn    (no ring)
MPRegen 0.09/turn

%: roll
@: drained
A: large, rugged brown scales 3, deformed body, armoured tail, roll, long
tongue, awkward tongue
a: no special abilities


You were on level 2 of the Dungeon.
You visited 1 branch of the dungeon, and saw 2 of its levels.

You collected 75 gold pieces.

Inventory:

Hand Weapons
 a - a +1 mace (weapon)
Missiles
 d - 7 boomerangs of dispersal (quivered)
Armour
 b - a +0 leather armour (worn)
Jewellery
 g - a ring of willpower (left hand)
 k - an amulet of faith
Scrolls
 B - a scroll of blinking
Potions
 c - a potion of attraction {unknown}
 e - a potion of degeneration {unknown}
 f - a potion of magic
 h - a potion of haste
 j - a potion of mutation {unknown}
 l - a potion of heal wounds
 m - a potion of brilliance {unknown}


   Skills:
 - Level 1.7 Fighting
 * Level 3.1 Maces & Flails
 - Level 0.8 Throwing
 - Level 1.2 Armour
 - Level 1.3 Dodging
 - Level 1.7 Spellcasting
 - Level 3.5 Translocations


You had 3 spell levels left.
You knew the following spells:

 Your Spells              Type           Power      Damage    Failure   Level
b - Blink                 Tloc           22%        N/A       10%         2

Your spell library contained the following spells:

 Spells                   Type           Power      Damage    Failure   Level
 Lesser Beckoning         Tloc           22%        N/A       10%         2
 Teleport Other           Tloc           11%        N/A       21%         3
 Vhi's Electric Charge    Tloc/Air       12%        N/A       38%         3
 Manifold Assault         Tloc           11%        N/A       54%         4


Dungeon Overview and Level Annotations

Branches:
Dungeon (2/15)

Altars:

Shops:
D:2 (

Annotations:
D:2 Robin


Innate Abilities, Weirdness & Mutations

You are completely covered in rugged brown scales. (AC +3, +7% HP)
Armour fits poorly on your strangely shaped body.
You have a long armoured tail.
You roll when moving toward enemies. (Rampage)
Your long tongue fully drains potion bottles. (2x potion effects)
Your tongue gives you trouble enunciating. (1.5x scroll delay)


Message History

Robin laughs in a distinctly smug fashion.
You feel stable enough to blink again.
Robin roars a battlecry!
The goblins go into a battle-frenzy!
MP restored: 5 Robin roars a battlecry!
The hobgoblin no longer looks unusually strong.
The goblin no longer looks unusually strong.
You roll towards the goblin!
You closely miss the goblin. The goblin hits you with a +0 club.
You take 1 damage, and have 17/31 hp.
You hit the goblin.
You kill the goblin!
You roll towards Robin!
You hit Robin.
Robin is moderately wounded.
Robin roars a battlecry!
The hobgoblin goes into a battle-frenzy!
Robin roars a battlecry!
The goblin goes into a battle-frenzy!
You hit Robin.
Robin is heavily wounded.
Robin hits you with a +3 mace of draining.
You feel drained.
You take 7 damage, and have 11/30 hp.
MASSIVE DAMAGE!!
You hit Robin.
Robin is severely wounded.
The goblin no longer looks unusually strong.
Robin roars a battlecry!
The goblin goes into a battle-frenzy!
You barely miss Robin. You tail-slap Robin, but do no damage.
Robin is severely wounded.
Robin hits you with a +3 mace of draining!
* * * LOW HITPOINT WARNING * * *
You feel drained.
* * * LOW HITPOINT WARNING * * *
You take 7 damage, and have 4/28 hp.
MASSIVE DAMAGE!!
You hit Robin.
Robin is almost dead.
Robin hits you with a +3 mace of draining.
You die...

##############
#....gg.g....#
#g#########.##
#.#...# #.# .# #
#.#.#.# #.# .# .#
#.#.#.# #g# .##. #.
#g#.#.# #g# ....##
#.# #g#.#.# #.#
..... #.# #.#@#.#
#g# .#..# #.#
#.#g#.# #.# .##.#
#.# #g#g#.# #.#
....#####.####.#g#.#
#.#
................g#.#
#)#
.............†...#.#
#)#
....#####.########.#
#.# ....#
##..........# #.#
#...# #......######
#.#


You could see Robin, a hobgoblin (strong) and 2 goblins.

Vanquished Creatures
  An adder (D:2)
  A worm (D:2)
  3 ball pythons
  3 bats
  5 endoplasms
  4 goblins (D:2)
  3 hobgoblins
  4 jackals (D:1)
  2 quokkas (D:1)
  A frilled lizard (D:1)
  5 rats
32 creatures vanquished.

Notes
Turn   | Place    | Note
-------+----------+-------------------------------------------
     0 | D:1      | Inchmeat the Armataur Warper began the quest for the Orb.
     0 | D:1      | Reached XP level 1. HP: 18/18 MP: 3/3
   141 | D:1      | Reached XP level 2. HP: 21/25 MP: 4/4
   643 | D:2      | Learned a level 2 spell: Blink
   826 | D:2      | Reached XP level 3. HP: 28/31 MP: 5/5
   867 | D:2      | Found Fewne's Weapon Shoppe.
  1075 | D:2      | Noticed Robin
  1133 | D:2      | Slain by Robin

Illustrated notes

Levels and vault maps discovered:
D:1:      matt_arrival_refuge, layout_loops_ring, kennysheep_nondescript,
          nrook_mini_backslash
D:2:      wad_river_or_something, layout_basic, serial_shops, shop, uniq_robin

Skill      XL: |  1  2  3 |
---------------+----------+-----
Maces & Flails | 2 3 |  3.1
Fighting       | |  1.7
Throwing       | |  0.8
Armour         | |  1.2
Dodging        | |  1.3
Spellcasting   | |  1.7
Translocations | |  3.5

Action                     || total
---------------------------++-------
  Melee: Mace              ||   101
         Tailslap          ||     7
   Cast: Blink             ||     1
    Use: Scroll            ||     6
 Armour: Leather armour    ||    35
  Dodge: Dodged            ||    55
